 Dungeon Crawl Stone Soup version 0.25-a0-589-g1e14c549ee (webtiles) character file.

Game seed: 11872127734387532516, levelgen mode: deterministic

529 Lentor the Cudgeler (level 7, -2/53 HPs)
             Began as a Demonspawn Fighter on Mar 10, 2020.
             Was an Initiate of Qazlal.
             Slain by an ogre
             ... wielding a +0 giant spiked club
              (21 damage)
             ... on level 4 of the Dungeon.
             The game lasted 00:09:51 (3886 turns).

Lentor the Cudgeler (Demonspawn Fighter)            Turns: 3886, Time: 00:09:51

Health: -2/53      AC: 15    Str: 19    XL:     7   Next: 3%
Magic:  7/7        EV: 10    Int:  9    God:    Qazlal [......]
Gold:   195        SH:  0    Dex: 12    Spells: 6/6 levels left

rFire    . . .     SeeInvis .   s - +2 dire flail (protect)
rCold    . . .     Gourm    .   (shield currently unavailable)
rNeg     . . .     Faith    .   b - +0 scale mail
rPois    .         Spirit   .   (helmet restricted)
rElec    .         Reflect  .   i - +0 cloak
rCorr    .         Harm     .   (no gloves)
MR       +....                  (no boots)
Stlth    ..........             (no amulet)
HPRegen  0.17/turn              k - ring of protection from magic
MPRegen  0.10/turn              (no ring)

@: protection aura
A: antennae 1, claws 1, talons 1, rot immunity
a: Renounce Religion


You were on level 4 of the Dungeon.
You worshipped Qazlal.
Qazlal was noncommittal.
You were not hungry.

You visited 2 branches of the dungeon, and saw 6 of its levels.

You collected 195 gold pieces.

Inventory:

Hand Weapons
 a - a +1 flail
 s - a +2 dire flail of protection (weapon)
Missiles
 p - 12 poisoned darts (quivered)
Armour
 b - a +0 scale mail (worn)
 c - a +0 kite shield
 i - a +0 cloak (worn)
Jewellery
 k - a ring of protection from magic (left claw)
Scrolls
 o - 5 scrolls of remove curse
 q - a scroll of fog
 r - a scroll of teleportation
Potions
 d - a potion of ambrosia {unknown}
 e - a potion of invisibility {unknown}
 g - 2 potions of haste {unknown}
 h - 2 potions of flight {unknown}
 j - a potion of cancellation {unknown}
 l - a potion of heal wounds {unknown}
 m - 2 potions of degeneration {unknown}
 n - 2 potions of curing {unknown}
Comestibles
 f - 5 rations


   Skills:
 + Level 3.8 Fighting
 * Level 5.2 Maces & Flails
 + Level 3.9 Armour
 + Level 1.0 Dodging
 + Level 3.6 Shields


You had 6 spell levels left.
You didn't know any spells.
Your spell library contained the following spells:

 Spells                   Type           Power        Failure   Level  Hunger
 Magic Dart               Conj           #...         75%         1    ##.....
 Blink                    Tloc           N/A          87%         2    ###....
 Call Imp                 Summ           #.......     87%         2    ###....
 Searing Ray              Conj           #.....       87%         2    ###....
 Slow                     Hex            #.......     87%         2    ###....
 Conjure Flame            Conj/Fire      #.......     98%         3    ####...
 Dazzling Flash           Conj/Hex       #.....       98%         3    ####...
 Mephitic Cloud           Conj/Pois/Air  #.......     98%         3    ####...
 Fulminant Prism          Conj/Hex       #.........   100%        4    #####..
 Iskenderun's Mystic Bla  Conj/Tloc      #.......     100%        4    #####..


Dungeon Overview and Level Annotations

Branches:
Dungeon (5/15)             Temple (1/1) D:4

Altars:
Ashenzari
Dithmenos
Elyvilon
Gozag
Kikubaaqudgha
Nemelex Xobeh
Okawaru
Qazlal
Trog
Uskayaw
Wu Jian
Yredelemnul
Zin
The Shining One


Innate Abilities, Weirdness & Mutations

You have a pair of small antennae on your head.
You have sharp fingernails.
You have sharp toenails.
You are immune to rotting.


Message History

Ouch! That really hurt!
You are too injured to fight recklessly!
You are too injured to fight recklessly!
You are too injured to fight recklessly!
The crimson imp blinks!
The hound bites you.
There is a stone staircase leading up here.
The hound barely misses you.
The crimson imp shouts, "Slither hence, thou dissembling fool-headed snaffler!"
The hound bites you but does no damage. The ogre barely misses you.
You climb upwards.
There is a stone staircase leading down here.
You sock the hound!
Your weapon exudes an aura of protection.
You kill the hound!
Qazlal accepts your kill.
You have reached level 7!
You puncture the ogre!
The ogre is heavily wounded.
The ogre hits you with a +0 giant spiked club!!
You die...

.....#..............<............
####.#..........###...#####......
#.#.#........# #.#######......
#.#.#.......####..............
#.#.#.##...###..).#.#.#.#.###.
#.#.######## #.##.........###.
#.#.# #.##.#.#.#.#.....
#.#.####### ##.##.............
####.#.......###@O##.#.#.#.#.....
.....###.###.....................
.###.# #....#....###.#.#.#.#.....
.#######..........##.............
.#...................#....#####..
.#.######..........###.#### #..
)#.# #..........###.#### #[.
.#.######.................# #..
.#..........##...########.## #.#


You could see an ogre.

Vanquished Creatures
  Edmund (D:4)
  A centaur (D:4)
  An ogre (D:4)
  2 hounds (D:4)
  Jessica (D:2)
  Terence (D:2)
  2 worker ants (D:4)
  2 adders
  An adder skeleton (D:5)
  A worm (D:2)
  9 orcs
  4 bats
  A giant cockroach (D:1)
  6 goblins
  8 hobgoblins
  6 jackals
  7 kobolds
  A quokka (D:3)
  10 frilled lizards
  6 rats
71 creatures vanquished.

Notes
Turn   | Place    | Note
-------+----------+-------------------------------------------
     0 | D:1      | Lentor the Demonspawn Fighter began the quest for the Orb.
     0 | D:1      | Reached XP level 1. HP: 18/18 MP: 1/1
   247 | D:1      | Gained mutation: You are immune to rotting. [demonic
                  | ancestry]
   247 | D:1      | Reached XP level 2. HP: 24/24 MP: 2/2
   314 | D:1      | Reached skill level 2 in Maces & Flails
   989 | D:2      | Gained mutation: You have a pair of small antennae on your
                  | head. [demonic ancestry]
   989 | D:2      | Reached XP level 3. HP: 16/29 MP: 3/3
  1166 | D:2      | Noticed Terence
  1166 | D:2      | Noticed Jessica
  1184 | D:2      | Killed Terence
  1191 | D:2      | Killed Jessica
  1191 | D:2      | Reached skill level 3 in Maces & Flails
  1191 | D:2      | Gained mutation: You have sharp toenails. [demonic
                  | ancestry]
  1191 | D:2      | Reached XP level 4. HP: 24/35 MP: 4/4
  1634 | D:2      | Found a white marble altar of Elyvilon.
  1819 | D:2      | HP: 1/35 [orc/+0 flail (2)]
  2223 | D:3      | Found a hide-covered altar of Uskayaw.
  2693 | D:4      | Found a staircase to the Ecumenical Temple.
  2703 | Temple   | Entered the Ecumenical Temple
  2771 | Temple   | Became a worshipper of Qazlal Stormbringer
  2905 | D:4      | Noticed Edmund
  2944 | D:4      | Reached XP level 5. HP: 36/41 MP: 5/5
  2962 | D:4      | Killed Edmund
  2962 | D:4      | Reached skill level 4 in Maces & Flails
  2962 | D:4      | Gained mutation: You have sharp fingernails. [demonic
                  | ancestry]
  2962 | D:4      | Reached XP level 6. HP: 17/47 MP: 6/6
  3211 | D:4      | Found a basalt altar of Yredelemnul.
  3216 | D:4      | Found a sparkling altar of Nemelex Xobeh.
  3388 | D:4      | Reached skill level 1 in Dodging
  3581 | D:4      | Reached skill level 5 in Maces & Flails
  3868 | D:5      | Entered Level 5 of the Dungeon
  3885 | D:4      | Reached XP level 7. HP: 19/53 MP: 7/7
  3886 | D:4      | Slain by an ogre

Levels and vault maps discovered:
D:1:      lightli_arrival_isolated_outpost, layout_loops_corners,
          serial_park_tiny_2
D:2:      layout_basic, lemuel_coloured_pillars_altar, first_ration,
          serial_glass, glass_columns_c, glass_columns_a, minmay_lizard_pond,
          uniq_jessica, uniq_terence
D:3:      layout_loops_ring, nicolae_overflow_crystal_walls
D:4:      layout_rooms, lemuel_doored_altar, nemelex_xobeh_ov_fountains_minmay,
          minmay_temple_entry_tees, serial_co_window_serial, co_window_corner_a,
          co_window_paths_a, co_window_paths_a, co_window_paths_a,
          co_window_paths_b, co_window_corner_a, co_window_paths_a,
          co_window_broadway_b, co_window_corner_ca, co_window_of_opportunity_c,
          co_window_corner_cb, co_window_of_opportunity_c, glass_columns_c,
          glass_columns_a, glass_columns_c, glass_columns_a, glass_columns_a,
          uniq_edmund
D:5:      cheibrodos_iron_armory, layout_cave_pods,
          grunt_temple_overflow_champion_of_chaos, old_standard_altar,
          fiery_altar_vehumet
Temple:   cyrus_temple_forest

Skill      XL: |  1  2  3  4  5  6 |
---------------+-------------------+-----
Maces & Flails | 2 3 4 5 |  5.2
Armour         | 3 |  3.9
Shields        | 3 |  3.6
Dodging        | 1 |  1.0
Fighting       | |  3.8

Action                   |  1- 3 |  4- 6 |  7- 9 || total
-------------------------+-------+-------+-------++-------
Melee: Flail             |   123 |   111 |       ||   234
       Kick              |       |    33 |       ||    33
       Dire flail        |       |    37 |     1 ||    38
  Use: Potion            |     1 |       |       ||     1
       Scroll            |       |     7 |       ||     7
  Eat: Chunk             |     1 |     9 |       ||    10
Armor: Scale mail        |    54 |    62 |       ||   116
Dodge: Dodged            |    36 |    38 |       ||    74
Block: Kite shield       |    56 |    57 |       ||   113

Table legend:
 A = Non-vault XP
 B = Vault XP
 C = Vault XP percentage of total XP
 D = Non-vault monster count
 E = Vault monster count
 F = Vault count percentage of total count
                 A         B        C        D         E       F
            +---------+---------+-------+---------+---------+-------
      Total |     505 |     252 |  33.3 |      62 |       9 |  12.7
            +---------+---------+-------+---------+---------+-------
        D:1 |      34 |       0 |   0.0 |      22 |       0 |   0.0
        D:2 |      28 |      79 |  73.8 |      13 |       8 |  38.1
        D:3 |      38 |       0 |   0.0 |      14 |       0 |   0.0
        D:4 |     400 |     173 |  30.2 |      12 |       1 |   7.7
        D:5 |       5 |       0 |   0.0 |       1 |       0 |   0.0
            +---------+---------+-------+---------+---------+-------
